 Dungeon Crawl Stone Soup version 0.23-a0-419-g0174fd8 (webtiles) character file.

7 JeffiDaFish the Grave Robber (level 1, 0/10 HPs)
             Began as a Deep Elf Necromancer on Nov 12, 2018.
             Killed from afar by a dart slug (2 damage)
             ... with a slug dart
             ... on level 1 of the Dungeon.
             The game lasted 00:01:36 (227 turns).

JeffiDaFish the Grave Robber (Deep Elf Necromancer)  Turns: 227, Time: 00:01:37

Health: 0/10       AC:  2    Str:  5    XL:     1   Next: 83%
Magic:  4/6        EV: 13    Int: 19    God:
Gold:   0          SH:  0    Dex: 15    Spells: 5/6 levels left

rFire    . . .     SeeInvis .   b - +0 short sword
rCold    . . .     Gourm    .   (no shield)
rNeg     . . .     Faith    .   a - +0 robe
rPois    .         Spirit   .   (no helmet)
rElec    .         Reflect  .   (no cloak)
rCorr    .         Harm     .   (no gloves)
MR       .....                  (no boots)
Stlth    ++........             (no amulet)
HPRegen  0.03/turn              (no ring)
MPRegen  0.10/turn              (no ring)

@: no status effects
A: no striking features
a: no special abilities


You were on level 1 of the Dungeon.
You were not hungry.

You visited 1 branch of the dungeon, and saw 1 of its levels.

Inventory:

Hand Weapons
 b - a +0 short sword (weapon)
Armour
 a - a +0 robe (worn)
Comestibles
 c - a ration
 d - 5 chunks of flesh


   Skills:
 + Level 2.6 Dodging
 - Level 2.4 Stealth
 + Level 3.2 Spellcasting
 * Level 5.0 Necromancy


You had 5 spell levels left.
You knew the following spells:

 Your Spells              Type           Power        Failure   Level  Hunger
a - Pain                  Necr           ###.         1%          1    None

Your spell library contained the following spells:

 Spells                   Type           Power        Failure   Level  Hunger
 Animate Skeleton         Necr           N/A          1%          1    None
 Vampiric Draining        Necr           ###.......   5%          3    ###....
 Regeneration             Chrm/Necr      ##........   16%         3    ###....
 Animate Dead             Necr           N/A          19%         4    ####...


Dungeon Overview and Level Annotations

Branches:
Dungeon (1/15)

Altars:


Message History

Aim: a kobold, wielding a +0 short sword (chance to defeat MR: 91%)
The kobold writhes in agony!
The kobold throws a stone.
The stone hits you.
* * * LOW HITPOINT WARNING * * *
A dart slug comes into view.
Casting: Pain (safe; 1% risk of failure)
Confirm with . or Enter, or press ? or * to list all spells.
Aiming: Pain (safe; 1% risk of failure)
Press: ? - help, Shift-Dir - straight line, f/p - kobold
Aim: a kobold, wielding a +0 short sword (severely wounded, chance to defeat The kobold writhes in agony!
You kill the kobold!
A frilled lizard comes into view.
Found a glowing green potion.
Casting: Pain (safe; 1% risk of failure)
Confirm with . or Enter, or press ? or * to list all spells.
You can't see any susceptible monsters within range! (Use Z to cast anyway.) Unknown command.
The dart slug launches a dart at you. The slug dart hits you!
You die...

..... ..
....... #l..
! #..#.#
#.#.###).#.#
#......(...#
###.###(.#.#
##
.w.........#
.#
###.###@.#.#
.# #..# # .#
#.... †#
#.#..# .#
#.#..# .#
#.#[.# .#
#.#..# '###
#.. .. .#i#


You could see a dart slug and a frilled lizard.

Vanquished Creatures
  A goblin (D:1)
  A hobgoblin (D:1)
  2 kobolds (D:1)
  A bat (D:1)
  A rat (D:1)
6 creatures vanquished.

Notes
Turn   | Place    | Note
-------+----------+-------------------------------------------
     0 | D:1      | JeffiDaFish the Deep Elf Necromancer began the quest for
                  | the Orb.
     0 | D:1      | Reached XP level 1. HP: 10/10 MP: 6/6
     2 | D:1      | Noticed a troll
     2 | D:1      | Noticed a formicid
     4 | D:1      | Noticed a ghoul
     4 | D:1      | Noticed a dwarf
     6 | D:1      | Noticed a vampire
     6 | D:1      | Noticed a minotaur
     8 | D:1      | Noticed a gargoyle
     8 | D:1      | Noticed a centaur
    10 | D:1      | Noticed a demigod
    10 | D:1      | Noticed a tengu
    12 | D:1      | Noticed a naga
    14 | D:1      | Noticed a felid
    14 | D:1      | Noticed an elf
    16 | D:1      | Noticed an ogre
    16 | D:1      | Noticed a human
    20 | D:1      | Noticed a merfolk
    20 | D:1      | Noticed a draconian
    22 | D:1      | Noticed a demonspawn
    22 | D:1      | Noticed an octopode
    24 | D:1      | Noticed a halfling
    26 | D:1      | Noticed a vine stalker
    26 | D:1      | Noticed a spriggan
    84 | D:1      | Reached skill level 5 in Necromancy
   227 | D:1      | Killed from afar by a dart slug

Vault maps used:
D:1:      kb_arrival_jail

Skill      XL: |  1 |
---------------+----+-----
Necromancy     | 5 |  5.0
Dodging        | |  2.6
Stealth        | |  2.4
Spellcasting   | |  3.2

Action                   || total
-------------------------++-------
 Cast: Pain              ||     8
  Use: Scroll            ||     2

Table legend:
 A = Non-vault XP
 B = Vault XP
 C = Vault XP percentage of total XP
 D = Non-vault monster count
 E = Vault monster count
 F = Vault count percentage of total count
                 A         B        C        D         E       F
            +---------+---------+-------+---------+---------+-------
      Total |      10 |       0 |   0.0 |       6 |       0 |   0.0
            +---------+---------+-------+---------+---------+-------
        D:1 |      10 |       0 |   0.0 |       6 |       0 |   0.0
            +---------+---------+-------+---------+---------+-------
